 Dungeon Crawl Stone Soup version 0.17-a0-1570-g74b7129 (webtiles) character file.

7149 hasmurim the Blocker (level 10, -33/91 HPs)
             Began as a Minotaur Fighter on July 23, 2015.
             Was a High Priest of the Shining One.
             Killed from afar by an ice dragon (46 damage)
             ... with a blast of cold
             ... in an ice cave.
             The game lasted 00:40:14 (8495 turns).

hasmurim the Blocker (Minotaur Fighter)             Turns: 8495, Time: 00:40:14

Health: -33/91     AC:  6    Str: 20    XL:     10   Next: 86%
Magic:  9/9        EV: 10    Int:  7    God:    the Shining One [*****.]
Gold:   535        SH: 13    Dex: 17    Spells: 0 memorised, 9 levels left

rFire  . . .     SeeInvis .     a - +1 war axe
rCold  . . .     Clarity  .     B - +2 robe "Yfuxehus" {+Inv rElec Int+2}
rNeg   + + .     SustAt   .     c - +0 shield {first}
rPois  .         Gourm    .     (helmet restricted)
rElec  +         Spirit   .     F - +0 cloak
rCorr  .         Warding  .     k - +0 pair of gloves
rMut   .         Stasis   .     (no boots)
MR     +....                    x - amulet of regeneration
Stlth  +.........               W - ring of protection from magic
                                q - +3 ring of dexterity

@: about to teleport, very slightly contaminated, glowing, somewhat resistant to
hostile enchantments, very unstealthy
A: retaliatory headbutt, horns 2
a: Divine Shield, Cleansing Flame, Summon Divine Warrior, Renounce Religion,
Evoke Invisibility


You were in an ice cave.
You worshipped the Shining One.
The Shining One was extremely pleased with you.
You were not hungry.

You visited 2 branches of the dungeon, and saw 9 of its levels.
You also visited: Ossuary and Ice Cave.

You collected 535 gold pieces.

Inventory:

Hand weapons
 a - a +1 war axe (weapon)
 w - a cursed -3 flail
 I - a +0 shortbow
Missiles
 J - 24 arrows
 N - 18 arrows of frost (quivered)
 V - 2 tomahawks
Armour
 b - a +0 scale mail
 c - a +0 shield (worn) {first}
 k - a +0 pair of gloves (worn)
 B - the +2 robe "Yfuxehus" (worn) {+Inv rElec Int+2}
   (You found it on level 4 of the Dungeon)

   It affects your intelligence (+2).
   It insulates you from electricity.
   It lets you turn invisible.
 F - a +0 cloak (worn)
Jewellery
 q - a +3 ring of dexterity (left hand)
 x - an amulet of regeneration (around neck)
 C - an uncursed amulet of guardian spirit
 O - an uncursed amulet of resist corrosion
 W - a ring of protection from magic (right hand)
Magical devices
 v - a wand of disintegration (6)
 Z - a wand of slowing (18)
Scrolls
 f - a scroll of teleportation
 i - a scroll of remove curse
 p - 3 scrolls of identify
 y - 2 scrolls of enchant weapon
 E - a scroll of fog
 R - a scroll of magic mapping {unknown}
 S - 2 scrolls of fear
 X - a scroll of amnesia
 Y - a scroll of brand weapon {unknown}
Potions
 d - 3 potions of might
 g - 4 potions of curing
 h - 7 potions of brilliance
 m - a potion of heal wounds {unknown}
 n - 2 potions of cure mutation {unknown}
 o - a potion of mutation {unknown}
 r - a potion of invisibility {unknown}
 s - a potion of ambrosia {unknown}
 A - a potion of agility {unknown}
 H - 4 potions of lignification
 L - a potion of degeneration {unknown}
 P - a potion of flight {unknown}
 T - a potion of cancellation {unknown}
 U - a potion of berserk rage {unknown}
Books
 z - a book of Enchantments

   Spells                             Type                      Level
   a - Cause Fear                     Hexes                        4
   b - Silence                        Hexes/Air                    5
   c - Deflect Missiles               Charms/Air                   6
   d - Haste                          Charms                       6
   e - Discord                        Hexes                        8
 G - the Incunabulum of Attacks
   (You found it on level 8 of the Dungeon)

   Spells                             Type                      Level
   a - Throw Flame                    Conjuration/Fire             2
   b - Mephitic Cloud                 Conjuration/Poison/Air       3
   c - Static Discharge               Conjuration/Air              3
   d - Poisonous Cloud                Conjuration/Poison/Air       6
 Q - a book of Summonings

   Spells                             Type                      Level
   a - Recall                         Summoning/Translocation      3
   b - Aura of Abjuration             Summoning                    5
   c - Shadow Creatures               Summoning                    5
   d - Summon Demon                   Summoning                    5
   e - Summon Forest                  Summoning/Translocation      5
   f - Summon Mana Viper              Hexes/Summoning              5
Comestibles
 e - 3 bread rations
 l - 6 beef jerkies
 u - 6 fruits
 D - 2 meat rations
 K - a royal jelly
 M - 7 slices of pizza


   Skills:
 - Level 9.1 Fighting
 - Level 12.2 Axes
 - Level 4.1 Bows
 + Level 3.7 Armour
 - Level 12.7 Shields


You had 9 spell levels left.
You didn't know any spells.

Dungeon Overview and Level Annotations

Branches:
Dungeon (8/15)             Temple (0/1) D:5            Lair (1/8) D:8

Altars:
Cheibriados
Elyvilon
Fedhas
Gozag
Kikubaaqudgha
Makhleb
Okawaru
Trog
Vehumet
Xom
Yredelemnul
Zin
The Shining One

Shops:
D:5 ([


Innate Abilities, Weirdness & Mutations

You reflexively headbutt those who attack you in melee.
You have a pair of horns on your head.


Message History

The ice dragon is lightly wounded.
The ice dragon bites you. You block the ice dragon's attack.
The ice dragon tramples you!
You hold your ground!
Blink to where?
Press: ? - help, Dir - move target cursor You are very lightly contaminated with residual magic.
As you read the scroll of blinking, it crumbles to dust.
The ice dragon breathes frost at you. The blast of cold hits you!
* * * LOW HITPOINT WARNING * * *
Read which item? (? for menu, Esc to quit)
As you read the scroll of fog, it crumbles to dust.
The scroll dissolves into smoke.
Read which item? (? for menu, Esc to quit)
As you read the scroll of teleportation, it crumbles to dust.
You feel strangely unstable. The ice dragon breathes frost at you.
The blast of cold hits you!
Ouch! That really hurt!
You die...

##.###........#
#..# ##........
#.## #.......#
##.# ##.....##
#..# #.....#
#..# ##..###
##§.# ##.#.#
##§§## #..###
###@§## ##.##
#§§§## ##..#
###D### #..##
##.#§.# ##..#
#..##§## ##.##
#...#D.# #.#.#
##.#...## ##.##
#..##### #..# #
#...# ##.## ##


You could see an ice dragon.

Vanquished Creatures
  2 ice statues (IceCv)
  A komodo dragon (D:8)
  Prince Ribbit (D:5)
  A yak (D:7)
  A human (D:7)
  A wyvern (D:8)
  A hippogriff (D:7)
  2 hogs (D:7)
  A hungry ghost (D:8)
  A porcupine (D:8)
  A water moccasin (Lair:1)
  A sky beast (D:7)
  A black bear (D:8)
  2 phantoms (D:4)
  A wasp (D:8)
  15 ice beasts (IceCv)
  2 ogres
  2 crocodiles (D:8)
  4 centaurs
  5 giant frogs
  3 scorpions
  6 killer bees (D:7)
  3 hounds
  4 jellies
  2 orc wizards (D:7)
  A quasit (D:8)
  9 iguanas
  4 orc priests
  Terence (D:3)
  Natasha (thrice) (D:4)
  5 worker ants
  A sheep (D:7)
  3 big kobold zombies (Ossuary)
  A hound skeleton (D:7)
  3 mummies
  9 adders
  4 gnolls (D:3)
  2 shadow imps
  12 white imps (Lair:1)
  An ooze (D:2)
  2 adder zombies (Ossuary)
  6 worms
  3 giant geckos
  18 orcs
  9 bats
  2 bat zombies
  4 giant cockroaches
  8 gnoll zombies
  9 hobgoblins
  6 jackals
  3 quokkas
  2 ball pythons
  A ball python zombie (D:5)
  A giant gecko zombie (D:8)
  8 giant newts
  8 goblins
  8 hobgoblin zombies (Ossuary)
  A jackal zombie (D:5)
  7 kobolds
  5 kobold zombies (Ossuary)
  5 orc zombies (Ossuary)
  A quokka skeleton (D:4)
  A quokka zombie (D:8)
  16 rats
257 creatures vanquished.

Notes
Turn   | Place    | Note
--------------------------------------------------------------
     0 | D:1      | hasmurim the Minotaur Fighter began the quest for the Orb.
     0 | D:1      | Reached XP level 1. HP: 19/19 MP: 0/0
   280 | D:1      | Reached skill level 4 in Fighting
   280 | D:1      | Reached XP level 2. HP: 27/27 MP: 1/1
   717 | D:2      | Reached XP level 3. HP: 26/34 MP: 2/2
   788 | D:2      | Found a bloodstained altar of Trog.
   954 | D:2      | Found a white marble altar of Elyvilon.
   954 | D:2      | Found a glowing silver altar of Zin.
   954 | D:2      | Found a glowing golden altar of the Shining One.
   957 | D:2      | Became a worshipper of the Shining One
  1055 | D:2      | Found a burning altar of Makhleb.
  1433 | D:3      | Reached XP level 4. HP: 41/41 MP: 3/3
  1477 | D:3      | Noticed Terence
  1484 | D:3      | Killed Terence
  2048 | D:3      | Reached skill level 5 in Axes
  2048 | D:3      | Reached XP level 5. HP: 40/47 MP: 4/4
  2148 | D:4      | Noticed a phantom
  2365 | D:4      | Reached skill level 6 in Axes
  2589 | D:4      | Found a shimmering altar of Xom.
  2634 | D:4      | Acquired the Shining One's first power
  2698 | D:4      | Found a radiant altar of Vehumet.
  2727 | D:4      | Reached XP level 6. HP: 55/55 MP: 5/5
  2752 | D:4      | Noticed Natasha
  2754 | D:4      | Killed Natasha
  2756 | D:4      | Reached skill level 7 in Axes
  2847 | D:4      | Noticed Natasha
  2849 | D:4      | Killed Natasha
  2900 | D:4      | Killed a phantom
  2983 | D:4      | Noticed Natasha
  2985 | D:4      | Killed Natasha
  3365 | D:4      | Reached skill level 8 in Axes
  3380 | D:4      | Noticed an ogre
  3381 | D:4      | Noticed a phantom
  3405 | D:3      | Killed an ogre
  3405 | D:3      | Reached XP level 7. HP: 7/60 MP: 6/6
  3687 | D:4      | Killed a phantom
  3687 | D:4      | Reached skill level 9 in Axes
  3690 | D:4      | Got a slimy robe
  3750 | D:5      | Entered Level 5 of the Dungeon
  3750 | D:5      | Found Rimasysso's Armour Emporium.
  3754 | D:5      | Reached skill level 5 in Fighting
  3773 | D:5      | Found a staircase to the Ecumenical Temple.
  3822 | D:5      | Noticed Prince Ribbit
  3835 | D:5      | Killed Prince Ribbit
  3892 | D:5      | Acquired the Shining One's second power
  3899 | D:5      | Found Uforer's Antique Weapon Shoppe.
  4118 | D:5      | Reached XP level 8. HP: 32/74 MP: 7/7
  4354 | D:5      | Found a basalt altar of Yredelemnul.
  4655 | D:6      | Reached skill level 1 in Bows
  4729 | D:6      | Found an ancient bone altar of Kikubaaqudgha.
  4797 | D:6      | Found a sand-covered staircase.
  4810 | Ossuary  | Entered an ossuary
  4892 | Ossuary  | Acquired the Shining One's third power
  5404 | D:7      | Reached skill level 5 in Shields
  5727 | D:7      | Reached XP level 9. HP: 78/83 MP: 8/8
  5819 | D:7      | Found an opulent altar of Gozag.
  5891 | D:7      | Found an iron altar of Okawaru.
  6270 | D:7      | Acquired the Shining One's fourth power
  6284 | D:7      | Reached skill level 10 in Shields
  6360 | D:8      | Found a blossoming altar of Fedhas.
  6455 | D:8      | Noticed a komodo dragon
  6457 | D:8      | Reached skill level 11 in Shields
  6471 | D:8      | Killed a komodo dragon
  6554 | D:8      | Found a staircase to the Lair.
  6560 | D:8      | Reached XP level 10. HP: 80/91 MP: 9/9
  6636 | D:8      | Reached skill level 12 in Shields
  6810 | D:8      | Found a snail-covered altar of Cheibriados.
  7370 | D:8      | Identified the Incunabulum of Attacks
  7521 | D:8      | Identified the +2 robe "Yfuxehus" {+Inv rElec Int+2} (You found it on level 4 of the Dungeon)
  7549 | Lair:1   | Entered Level 1 of the Lair of Beasts
  7622 | Lair:1   | Found a frozen archway.
  7650 | IceCv    | Entered an ice cave
  7742 | IceCv    | Reached skill level 10 in Axes
  7828 | IceCv    | Noticed an ice statue
  7828 | IceCv    | Noticed an ice statue
  8021 | IceCv    | Killed an ice statue
  8394 | IceCv    | Killed an ice statue
  8474 | IceCv    | Noticed an ice dragon
  8495 | IceCv    | Killed from afar by an ice dragon

Vault maps used:
D:1:      matt_arrival_refuge
D:2:      good_gods_mini_temple, old_standard_altar, lightli_temple_of_fire
D:3:      uniq_terence
D:4:      kennysheep_little_box, xom_teletrap_fun, first_bread,
          small_statue_intersection, uniq_natasha
D:5:      lemuel_zombie_altar_yredelemnul, minmay_temple_entry_grid,
          serial_shops, shop, shop, uniq_prince_ribbit1
D:6:      basic_altar, nicolae_ossuary_entry_ruins
D:7:      okawaru_metal_pillars_1_2, nicolae_overflow_hidden_temple,
          grunt_livestock
D:8:      slow_altar_1, fedhas_altar_1, dpeg_lair_monsters, minivault_4
Lair:1:   portal_ice_cave_entry_imps, minivault_24, uniq_fannar, uniq_harold,
          uniq_joseph
Ossuary:  ossuary_tomb_2
IceCv:    ice_cave_small_dragons

Action                   |  1- 3 |  4- 6 |  7- 9 | 10-12 || total
-------------------------+-------+-------+-------+-------++-------
Melee: War axe           |    95 |   102 |   302 |   176 ||   675
Evoke: Wand              |       |       |     2 |       ||     2
  Use: Scroll            |       |     1 |    12 |     5 ||    18
       Potion            |       |     1 |     1 |       ||     2
  Eat: Chunk             |     2 |     1 |     3 |     1 ||     7
       Bread ration      |       |     1 |     3 |     1 ||     5
       Fruit             |       |       |       |     3 ||     3
